 Dungeon Crawl Stone Soup version 0.29-a0-321-gf1c400731a (webtiles) character file.

Game seed: 5529179199450926512

16 Flugslaktarn the Stinger (level 2, 11/19 HPs)
             Began as a Human Venom Mage on Apr 4, 2022.
             Was a Follower of Kikubaaqudgha.
             Quit the game on level 1 of the Dungeon.
             The game lasted 00:01:43 (403 turns).

Flugslaktarn the Stinger (Human Venom Mage)          Turns: 403, Time: 00:01:44

Health: 11/19      AC:  2    Str:  8    XL:     2   Next: 70%
Magic:  5/5        EV: 12    Int: 15    God:    Kikubaaqudgha [*.....]
Gold:   45         SH:  0    Dex: 13    Spells: 2/5 levels left

rFire   . . .      SeeInvis .   g - +0 short sword (speed)
rCold   . . .      Faith    .   (no shield)
rNeg    . . .      Spirit   .   a - +0 robe
rPois   .          Reflect  .   (no helmet)
rElec   .          Harm     .   (no cloak)
rCorr   .          Rampage  .   (no gloves)
Will    .....                   (no boots)
Stlth   ++........              (no amulet)
HPRegen 0.06/turn               (no ring)
MPRegen 0.09/turn               (no ring)

@: no status effects
A: no striking features
a: Renounce Religion, Receive Corpses


You were on level 1 of the Dungeon.
You worshipped Kikubaaqudgha.
Kikubaaqudgha was aware of your devotion.
You visited 1 branch of the dungeon, and saw 2 of its levels.

You collected 45 gold pieces.

Inventory:

Hand Weapons
 d - a +0 club
   (You took it off a goblin on level 1 of the Dungeon)
 e - a +0 dagger
   (You found it on level 1 of the Dungeon)
 g - a +0 short sword of speed (weapon)
   (You took it off a kobold on level 1 of the Dungeon)
Armour
 a - a +0 robe (worn)
Scrolls
 c - a scroll of acquirement {unknown}
 f - a scroll of magic mapping {unknown}
Potions
 b - a potion of magic
 h - a potion of heal wounds {unknown}


   Skills:
 + Level 2.2 Dodging
 + Level 2.2 Stealth
 + Level 2.1 Spellcasting
 + Level 1.3 Transmutations
 + Level 3.1 Poison Magic


You had 2 spell levels left.
You knew the following spells:

 Your Spells              Type           Power      Damage    Failure   Level
a - Sting                 Tmut/Pois      32%        1d4       9%          1
b - Poisonous Vapours     Pois/Air       12%        N/A       17%         2

Your spell library contained the following spells:

 Spells                   Type           Power      Damage    Failure   Level
 Animate Skeleton         Necr           2%         N/A       22%         1
 Pain                     Necr           4%         1d4       22%         1
 Sublimation of Blood     Necr           1%         N/A       32%         2
 Mephitic Cloud           Conj/Pois/Air  4%         N/A       38%         3
 Olgreb's Toxic Radiance  Pois           11%        N/A       52%         4
 Agony                    Necr           1%         N/A       99%         5


Dungeon Overview and Level Annotations

Branches:
Dungeon (2/15)

Altars:
Kikubaaqudgha


Message History

Confirm with . or Enter, or press ? or * to list all spells.
Aiming: Sting (safe; 9% risk of failure)
Press: ? - help, Shift-Dir - straight line, f/p - bat
Aim: a bat (52% to hit)
The sting hits the bat.
The bat is poisoned.
The bat is severely wounded.
The bat closely misses you.
You hit the bat but do no damage.
The bat is severely wounded.
You kill the bat!
A quokka comes into view.
You see here 11 gold pieces.
Your magical contamination has completely faded away.
You see here 11 gold pieces.
You now have 15 gold pieces (gained 11).
Casting: Sting (safe; 9% risk of failure)
Confirm with . or Enter, or press ? or * to list all spells.
You don't have enough magic to cast this spell.
You hit the quokka but do no damage. The quokka bites you.
* * * LOW HITPOINT WARNING * * *
You closely miss the quokka. The quokka closely misses you.
Casting: Sting (safe; 9% risk of failure)
Confirm with . or Enter, or press ? or * to list all spells.
You don't have enough magic to cast this spell.
You hit the quokka but do no damage. The quokka barely misses you.
You hit the quokka but do no damage. You hit the quokka.
The quokka is severely wounded.
The quokka barely misses you.
Casting: Sting (safe; 9% risk of failure)
Confirm with . or Enter, or press ? or * to list all spells.
Aiming: Sting (safe; 9% risk of failure)
Press: ? - help, Shift-Dir - straight line, f - quokka
Aim: a quokka (severely wounded, 56% to hit)
The sting hits the quokka.
The quokka is poisoned.
You kill the quokka!
Found a stone staircase leading down.
There is a stone staircase leading down here.
You climb downwards.
There is a stone staircase leading up here.
The adder hisses angrily.
You climb upwards.
There is a stone staircase leading down here.
There is a stone staircase leading down here.
A ball python comes into view.
Found 13 stones.
The ball python hisses angrily.
The ball python bites you.
* * * LOW HITPOINT WARNING * * *
The ball python grabs you. The ball python constricts you.
Casting: Sting (safe; 9% risk of failure)
Confirm with . or Enter, or press ? or * to list all spells.
Aiming: Sting (safe; 9% risk of failure)
Press: ? - help, Shift-Dir - straight line, f - ball python
Aim: a ball python (constricting you, 64% to hit)
The sting hits the ball python.
The ball python is poisoned.
The ball python is severely wounded.
You kill the ball python!
You see here a ball python corpse.
Found a leather armour and 14 stones.
You see here a quokka corpse.
Magic restored.
A goblin comes into view. It is wielding a +0 dagger.
The goblin shouts!
Casting: Sting (safe; 9% risk of failure)
Confirm with . or Enter, or press ? or * to list all spells.
Aiming: Sting (safe; 9% risk of failure)
Press: ? - help, Shift-Dir - straight line, f - goblin
Aim: a goblin, wielding a +0 dagger (60% to hit)
The sting hits the goblin.
The goblin is poisoned.
You kill the goblin!
Things that are here:
a +0 dagger; a goblin corpse
Okay, then.
Memorise Poisonous Vapours, consuming 2 spell levels and leaving 2?
You start memorising the spell.
You continue memorising. x2
You finish memorising.
Spell assigned to 'b'.
Unknown command.
h - a +0 dagger You drop a +0 dagger.
Found 16 gold pieces.
You now have 31 gold pieces (gained 16).
Found a metallic white potion.
Found a faded altar of an unknown god.
Found 14 gold pieces.
Found a stone staircase leading down.
h - a metallic white potion You now have 45 gold pieces (gained 14).
There is a faded altar of an unknown god here.
You cannot tell which god this altar belongs to.
Convert to them anyway?
Okay, then.
Unknown command.
Press < or > to pray at altars.
You cannot tell which god this altar belongs to.
Convert to them anyway?
Kikubaaqudgha accepts your prayer! Kikubaaqudgha welcomes you!
You can now receive cadavers from Kikubaaqudgha.
Kikubaaqudgha grants you a gift!
You add the spells Animate Skeleton, Pain, Sublimation of Blood and Agony to your library.
Are you sure you want to abandon this character and quit the game? (Confirm with "yes".)

..........#######
..............>.#
.#######.#.#.##..###
...................#
.#######.#.#.#.#.#.
#.#.#.# .. #
#.#.#.#####.#.# ..
#.#.#.........# #.#
#.#@#....##.## #.#
#.#.#.##.# ...
#.#.#.##.# # #.###
#.#.#.##.##.# ....
#.#.......# ######.#
#.####.#######
.......#
#............#
.......#
######.#####.#
.......# #.# #.#


There were no monsters in sight!

Vanquished Creatures
  3 ball pythons (D:1)
  2 giant cockroaches (D:1)
  3 goblins (D:1)
  2 quokkas (D:1)
  2 bats (D:1)
  A frilled lizard (D:1)
  A kobold (D:1)
14 creatures vanquished.

Notes
Turn   | Place    | Note
-------+----------+-------------------------------------------
     0 | D:1      | Flugslaktarn the Human Venom Mage began the quest for the
                  | Orb.
     0 | D:1      | Reached XP level 1. HP: 13/13 MP: 3/3
    92 | D:1      | Reached XP level 2. HP: 6/19 MP: 0/5
   332 | D:1      | Learned a level 2 spell: Poisonous Vapours
   374 | D:1      | Found a faded altar of an unknown god.
   402 | D:1      | Prayed at the altar of an unknown god.
   402 | D:1      | Became a worshipper of Kikubaaqudgha
   402 | D:1      | Reached * piety under Kikubaaqudgha
   402 | D:1      | Received a gift from Kikubaaqudgha
   403 | D:1      | Quit the game

Illustrated notes

Levels and vault maps discovered:
D:1:      saegor_arrival_under_anarchy, layout_basic, basic_ecumenical_altar
D:2:      layout_loops_ring, uniq_sigmund

Action                   || total
-------------------------++-------
Melee: Unarmed           ||    34
       Dagger            ||     6
       Short sword       ||     6
 Cast: Sting             ||    18
Armor: Robe              ||    15
Dodge: Dodged            ||    53

Table legend: (Time is in decaauts)
 A = Elapsed time spent in this place.
 B = Non-inter-level travel time spent in this place.
 C = Inter-level travel time spent in this place.
 D = Time resting spent in this place.
 E = Time spent auto-exploring this place.
 F = Levels seen in this place.
 G = Mean time per level.
                   A        B        C        D        E       F      G
               +--------+--------+--------+--------+--------+-----+--------+
         Total |    400 |    400 |      0 |      0 |      0 |   2 |  200.0 |
       Dungeon |    400 |    400 |      0 |      0 |      0 |   2 |  200.0 |
               +--------+--------+--------+--------+--------+-----+--------+

Top non-repeatable levels by time:
     D:1: 398 daAuts
     D:2: 1 daAuts
